 Dungeon Sprint DCSS version 0.17-a0-1450-g7e755d1 (webtiles) character file.

8175 shklvsk the Fencer (level 11, -2/75 HPs)
             Began as a Demonspawn Abyssal Knight on June 30, 2015.
             Was the Champion of Lugonu.
             Slain by an orc warrior
             ... wielding a +0 scimitar
              (11 damage)
             ... in the Dungeon (Sprint IX: "|||||||||||||||||||||||||||||").
             The game lasted 00:13:45 (4070 turns).

shklvsk the Fencer (Demonspawn Abyssal Knight)      Turns: 4070, Time: 00:13:45

Health: -2/75      AC: 21    Str: 18    XL:     11   Next: 6%
Magic:  0/19       EV:  8    Int: 13    God:    Lugonu [******]
Gold:   1615       SH:  0    Dex: 14    Spells: 0 memorised, 10 levels left

rFire  . . .     SeeInvis .     n - +2 scimitar (flame)
rCold  . . .     Clarity  .     B - +0 plate armour
rNeg   . . .     SustAt   .     (no shield)
rPois  +         Gourm    .     o - +0 helmet
rElec  .         Spirit   +     (no cloak)
rCorr  .         Warding  .     p - +0 pair of gloves
rMut   .         NoTele   +     y - +0 pair of boots
MR     .....                    (no amulet)
Stlth  ..........               r - +3 ring of strength
                                x - ring of poison resistance

@: not resistant to hostile enchantments, extremely unstealthy
A: hooves 2, molten scales 2, magic shield
a: Bend Space, Banish, Corrupt, Renounce Religion


You were in the Dungeon.
You worshipped Lugonu.
Lugonu was exalted by your worship.
You were near starving.

You visited 1 branch You collected 1615 gold pieces.

Inventory:

Hand weapons
 n - a +2 scimitar of flaming (weapon)
Armour
 o - a +0 helmet (worn)
 p - a +0 pair of gloves (worn)
 y - a +0 pair of boots (worn)
 B - a +0 plate armour (worn)
Jewellery
 b - a +3 ring of dexterity
 r - a +3 ring of strength (right hand)
 x - a ring of poison resistance (left hand)
Magical devices
 m - a wand of fire (3)
Scrolls
 i - 2 scrolls of blinking
 k - 3 scrolls of remove curse
 l - 2 scrolls of amnesia
 t - 2 scrolls of fear
 u - 2 scrolls of enchant armour
 v - a scroll of identify
 w - a scroll of recharging
Potions
 a - 2 potions of cure mutation
 d - 4 potions of curing
 e - 3 potions of heal wounds
 f - 2 potions of haste
 g - 2 potions of magic
 h - a potion of resistance
 j - a potion of invisibility
Comestibles
 c - 13 bread rations
 z - 40 fruits
 A - 12 meat rations


   Skills:
 - Level 3.0 Fighting
 * Level 16.5 Long Blades
 + Level 10.0 Armour
 + Level 8.2 Dodging
 + Level 10.8 Invocations
 * Level 11.3 Evocations


You had 10 spell levels left.
You didn't know any spells.

Dungeon Overview and Level Annotations

Branches:
Dungeon (1/1)

Altars:
Cheibriados
Dithmenos
Elyvilon
Fedhas
Gozag
Kikubaaqudgha
Makhleb
Nemelex Xobeh
Okawaru
Qazlal
Ru
Sif Muna
Trog
Vehumet
Xom
Yredelemnul
Zin
The Shining One
Beogh
Jiyva
Lugonu

Shops:
D *?([


Innate Abilities, Weirdness & Mutations

You have hoof-like feet.
You are mostly covered in molten scales (AC +3, EV -1).
When hurt, damage is shared between your health and your magic reserves.


Message History

This wand has 4 charges left.
Evoke which item? (* to show all) (? for menu, Esc to quit)
Zapping:
m - a wand of fire (4)
Press: ? - help, Shift-Dir - straight line, f/p - orc knight
Aim: an orc knight, wielding a great sword and wearing a plate armour (almost dead)
The bolt of fire hits the orc knight.
You kill the orc knight!
Lugonu accepts your kill.
You have reached level 11!
The bolt of fire hits the orc knight.
You kill the orc knight!
Lugonu accepts your kill.
Your Armour skill increases to level 10!
This wand has 3 charges left.
Drink which item? (? for menu, Esc to quit)
Okay, then.
You hit the orc warrior. You burn the orc warrior.
The orc warrior is severely wounded.
The orc warrior hits you with a scimitar!
You die...

▓▓▓▓▓▓▓▓▓▓▓▓▓▓▓▓▓▓▓▓▓▓▓▓▓▓▓▓▓▓▓▓▓
.)..).'.......).@o.).)..o∩.∩.∩.∩$
▓▓▓▓▓▓▓▓▓▓▓▓▓▓▓▓▓▓▓▓▓▓▓▓▓▓▓▓▓▓▓▓▓
.................................
▓▓▓▓▓▓▓▓▓▓▓▓▓▓▓▓▓▓▓▓▓▓▓▓▓▓▓▓▓▓▓▓▓
'†........÷........÷'...†....=(.[
▓▓▓▓▓▓▓▓▓▓▓▓▓▓▓▓▓▓▓▓▓▓▓▓▓▓▓▓▓▓▓▓▓
.................................
▓▓▓▓▓▓▓▓▓▓▓▓▓▓▓▓▓▓▓▓▓▓▓▓▓▓▓▓▓▓▓▓▓
__________________'..()..[.((....


You could see an orc warrior (frenzied).

Vanquished Creatures
  A death yak (D)
  3 orc knights (D)
  5 polar bears (D)
  A yak (D)
  A hippogriff (D)
  A wolf (D)
  15 orc warriors (D)
  2 water moccasins (D)
  A sky beast (D)
  An ice beast (D)
  4 porcupines (D)
  3 black bears (D)
  A necrophage (D)
  6 crocodiles (D)
  A centaur (D)
  A killer bee (D)
  A jelly (D)
  5 orc priests (D)
  3 orc wizards (D)
  An iguana (D)
  A river rat (D)
  A shadow imp (D)
  An adder skeleton (D)
  8 orcs (D)
  A goblin (D)
  A hobgoblin (D)
  3 jackals (D)
  2 kobolds (D)
  A bat (D)
76 creatures vanquished.

Vanquished Creatures (others)
  4 orc knights (D)
  A black mamba (D)
  A spiny frog (D)
  A komodo dragon (D)
  A plant (D)
8 creatures vanquished.

Grand Total: 84 creatures vanquished

Notes
Turn   | Place    | Note
--------------------------------------------------------------
     0 | D        | shklvsk the Demonspawn Abyssal Knight began the quest for the Orb.
     0 | D        | Reached XP level 1. HP: 18/18 MP: 2/2
     8 | D        | Acquired Lugonu's second power
    15 | D        | Reached skill level 1 in Dodging
   147 | D        | Acquired Lugonu's third power
   147 | D        | Gained mutation: You have large cloven feet. [demonic ancestry]
   147 | D        | Reached XP level 2. HP: 17/24 MP: 2/4
   155 | D        | Acquired Lugonu's fourth power
   350 | D        | Found a glowing silver altar of Zin.
   350 | D        | Found a glowing golden altar of the Shining One.
   350 | D        | Found an ancient bone altar of Kikubaaqudgha.
   350 | D        | Found a basalt altar of Yredelemnul.
   350 | D        | Found a shimmering altar of Xom.
   350 | D        | Found a radiant altar of Vehumet.
   351 | D        | Found an iron altar of Okawaru.
   352 | D        | Found a burning altar of Makhleb.
   353 | D        | Found a deep blue altar of Sif Muna.
   354 | D        | Found a bloodstained altar of Trog.
   355 | D        | Found a sparkling altar of Nemelex Xobeh.
   356 | D        | Found a white marble altar of Elyvilon.
   357 | D        | Found a roughly hewn altar of Beogh.
   358 | D        | Found a viscous altar of Jiyva.
   359 | D        | Found a corrupted altar of Lugonu.
   360 | D        | Found a blossoming altar of Fedhas.
   361 | D        | Found a snail-covered altar of Cheibriados.
   362 | D        | Found a shadowy altar of Dithmenos.
   363 | D        | Found a stormy altar of Qazlal.
   364 | D        | Found an opulent altar of Gozag.
   365 | D        | Found a sacrificial altar of Ru.
   418 | D        | Noticed a necrophage
   418 | D        | Noticed a killer bee
   418 | D        | Noticed a hippogriff
   418 | D        | Noticed an ice beast
   418 | D        | Noticed a jelly
   424 | D        | Reached skill level 4 in Long Blades
   429 | D        | Killed a necrophage
   429 | D        | Reached skill level 5 in Long Blades
   429 | D        | Reached XP level 3. HP: 13/29 MP: 4/6
   429 | D        | Gained mutation: You have hoof-like feet. [demonic ancestry]
   429 | D        | Reached XP level 4. HP: 15/35 MP: 4/7
   434 | D        | Killed a killer bee
   434 | D        | Reached skill level 6 in Long Blades
   434 | D        | Reached XP level 5. HP: 41/41 MP: 4/8
   438 | D        | Killed a hippogriff
   438 | D        | Acquired Lugonu's fifth power
   438 | D        | Reached skill level 7 in Long Blades
   438 | D        | Reached skill level 5 in Invocations
   438 | D        | Reached skill level 5 in Evocations
   438 | D        | Gained mutation: When hurt, damage is shared between your health and your magic reserves. [demonic ancestry]
   438 | D        | Reached XP level 6. HP: 41/47 MP: 4/10
   440 | D        | Killed an ice beast
   440 | D        | Reached skill level 8 in Long Blades
   440 | D        | Reached skill level 5 in Armour
   441 | D        | Killed a jelly
   588 | D        | Noticed an orc wizard
   588 | D        | Noticed a sky beast
   588 | D        | Noticed an iguana
   588 | D        | Noticed a komodo dragon
   588 | D        | Noticed a centaur
   592 | D        | Killed an orc wizard
   597 | D        | Killed a sky beast
   597 | D        | Reached skill level 9 in Long Blades
   597 | D        | Reached XP level 7. HP: 45/52 MP: 9/12
   604 | D        | Banished a komodo dragon
   604 | D        | Reached skill level 5 in Dodging
   613 | D        | Killed an iguana
   613 | D        | Reached skill level 10 in Long Blades
   620 | D        | Killed a centaur
   898 | D        | Noticed a crocodile
   898 | D        | Noticed a water moccasin
   898 | D        | Noticed a crocodile
   898 | D        | Noticed a porcupine
   898 | D        | Noticed a porcupine
   898 | D        | Noticed a crocodile
   907 | D        | Killed a crocodile
   913 | D        | Noticed a wolf
   916 | D        | Noticed a porcupine
   916 | D        | Killed a water moccasin
   922 | D        | Killed a crocodile
   922 | D        | Gained mutation: You are partially covered in molten scales (AC +1). [demonic ancestry]
   922 | D        | Reached XP level 8. HP: 27/58 MP: 7/14
   923 | D        | Killed a porcupine
   923 | D        | Reached skill level 11 in Long Blades
  1148 | D        | Killed a porcupine
  1153 | D        | Killed a crocodile
  1262 | D        | Killed a wolf
  1266 | D        | Killed a porcupine
  1283 | D        | Noticed a death yak
  1300 | D        | Killed a death yak
  1300 | D        | Reached skill level 12 in Long Blades
  1300 | D        | Reached XP level 9. HP: 7/63 MP: 2/15
  1580 | D        | Noticed a black mamba
  1580 | D        | Noticed a yak
  1580 | D        | Noticed a water moccasin
  1580 | D        | Noticed a crocodile
  1580 | D        | Noticed a spiny frog
  1580 | D        | Noticed a crocodile
  1585 | D        | Banished a black mamba
  1842 | D        | Killed a yak
  1842 | D        | Reached skill level 13 in Long Blades
  1853 | D        | Noticed a porcupine
  1853 | D        | Killed a water moccasin
  1858 | D        | Killed a crocodile
  1863 | D        | Banished a spiny frog
  1868 | D        | Killed a crocodile
  1869 | D        | Killed a porcupine
  1959 | D        | Noticed a crocodile
  1968 | D        | Killed a crocodile
  2085 | D        | Noticed a black bear
  2085 | D        | Noticed a black bear
  2085 | D        | Noticed a polar bear
  2085 | D        | Noticed a polar bear
  2085 | D        | Noticed a polar bear
  2085 | D        | Noticed a polar bear
  2088 | D        | Killed a black bear
  2098 | D        | Killed a polar bear
  2109 | D        | Noticed a black bear
  2111 | D        | Killed a polar bear
  2111 | D        | Reached skill level 14 in Long Blades
  2111 | D        | Reached skill level 10 in Evocations
  2113 | D        | Noticed a polar bear
  2118 | D        | Killed a polar bear
  2329 | D        | Killed a black bear
  2329 | D        | Gained mutation: You are mostly covered in molten scales (AC +3, EV -1). [demonic ancestry]
  2329 | D        | Reached XP level 10. HP: 64/70 MP: 15/17
  2353 | D        | Killed a black bear
  2364 | D        | Killed a polar bear
  2375 | D        | Killed a polar bear
  2677 | D        | Noticed an orc wizard
  2677 | D        | Noticed an orc warrior
  2677 | D        | Noticed an orc priest
  2677 | D        | Noticed an orc wizard
  2677 | D        | Noticed an orc priest
  2678 | D        | Noticed an orc priest
  2688 | D        | Killed an orc warrior
  2699 | D        | Killed an orc wizard
  2700 | D        | Noticed an orc priest
  2720 | D        | Killed an orc priest
  2722 | D        | Killed an orc wizard
  2724 | D        | Killed an orc priest
  2726 | D        | Killed an orc priest
  2729 | D        | Killed an orc priest
  2836 | D        | Noticed an orc priest
  2936 | D        | Killed an orc priest
  3073 | D        | Noticed an orc warrior
  3074 | D        | Noticed an orc warrior
  3088 | D        | Killed an orc warrior
  3097 | D        | Killed an orc warrior
  3227 | D        | Noticed an orc warrior
  3227 | D        | Noticed an orc warrior
  3227 | D        | Noticed an orc warrior
  3227 | D        | Noticed an orc warrior
  3227 | D        | Noticed an orc warrior
  3227 | D        | Noticed an orc warrior
  3235 | D        | Noticed an orc warrior
  3266 | D        | Killed an orc warrior
  3266 | D        | Reached skill level 15 in Long Blades
  3279 | D        | Killed an orc warrior
  3288 | D        | Killed an orc warrior
  3304 | D        | Killed an orc warrior
  3317 | D        | Killed an orc warrior
  3403 | D        | Killed an orc warrior
  3421 | D        | Killed an orc warrior
  3580 | D        | Noticed an orc warrior
  3602 | D        | Killed an orc warrior
  3660 | D        | Noticed an orc warrior
  3670 | D        | Killed an orc warrior
  3774 | D        | Found Foidiut's Assorted Antiques.
  3774 | D        | Noticed an orc knight
  3774 | D        | Noticed an orc knight
  3774 | D        | Noticed an orc knight
  3774 | D        | Noticed an orc warrior
  3774 | D        | Noticed an orc knight
  3777 | D        | Noticed an orc knight
  3781 | D        | Noticed an orc warrior
  3789 | D        | Killed an orc knight
  3790 | D        | Noticed an orc warrior
  3795 | D        | Banished an orc knight
  3801 | D        | Banished an orc knight
  3862 | D        | Banished an orc knight
  3862 | D        | Reached skill level 16 in Long Blades
  3902 | D        | Banished an orc knight
  3902 | D        | Reached skill level 10 in Invocations
  3971 | D        | Killed an orc warrior
  3985 | D        | Killed an orc warrior
  4016 | D        | Killed an orc warrior
  4037 | D        | Found Hoewimagh's Magic Scroll Shoppe.
  4041 | D        | Found Baf Gamoseno's Weapon Emporium.
  4045 | D        | Found Huhacytup's Armour Shoppe.
  4047 | D        | Noticed an orc knight
  4052 | D        | Noticed an orc knight
  4053 | D        | Noticed an orc warrior
  4064 | D        | Killed an orc knight
  4064 | D        | Reached XP level 11. HP: 8/75 MP: 1/19
  4064 | D        | Killed an orc knight
  4064 | D        | Reached skill level 10 in Armour
  4070 | D        | Slain by an orc warrior

Vault maps used:
D:        linesprint

Action                   |  1- 3 |  4- 6 |  7- 9 | 10-12 || total
-------------------------+-------+-------+-------+-------++-------
Melee: Falchion          |    33 |       |       |       ||    33
       Scimitar          |     7 |    17 |   145 |   217 ||   386
Invok: Banish            |       |       |     5 |     5 ||    10
       Bend Space        |       |       |     2 |     2 ||     4
Evoke: Wand              |       |       |     1 |     3 ||     4
  Use: Potion            |       |     2 |     5 |       ||     7
 Stab: Fleeing           |       |       |     1 |       ||     1
  Eat: Chunk             |       |       |     5 |     6 ||    11
       Pizza             |       |       |     1 |       ||     1
